 Dungeon Crawl Stone Soup version 0.22-a0-348-gd16d139 (webtiles) character file.

3483 grindst0ne the Martial Artist (level 10, -4/74 HPs)
             Began as a Gnoll Transmuter on Apr 11, 2018.
             Was a Follower of Qazlal.
             Slain by a chaos spawn (11 damage)
             ... on level 1 of the Abyss.
             The game lasted 00:16:55 (7680 turns).

grindst0ne the Martial Artist (Gnoll Transmuter)    Turns: 7680, Time: 00:16:56

Health: -4/74      AC:  2    Str: 12    XL:     10   Next: 7%
Magic:  20/20      EV: 17    Int: 18    God:    Qazlal [*.....]
Gold:   411        SH:  1    Dex: 17    Spells: 12/23 levels left

rFire    . . .     SeeInvis .     - Unarmed
rCold    . . .     Gourm    .   (no shield)
rNeg     . . .     Faith    .   b - +0 robe
rPois    .         Spirit   .   (no helmet)
rElec    .         Reflect  .   (no cloak)
rCorr    .         Harm     .   (no gloves)
MR       .....                  (no boots)
Stlth    +++.......             (no amulet)
HPRegen  0.22/turn              (no ring)
MPRegen  0.17/turn              (no ring)

@: about to teleport
A: distributed training, fangs 1, strong nose
a: Renounce Religion


You were on level 1 of the Abyss.
You worshipped Qazlal.
Qazlal was aware of your devotion.
You were not hungry.

You visited 2 branches of the dungeon, and saw 8 of its levels.
You visited the Abyss 1 time.
You also visited: Sewer.

You collected 411 gold pieces.

Inventory:

Hand Weapons
 E - a +0 broad axe
Missiles
 a - 155 arrows
 m - 4 javelins (quivered)
Armour
 b - a +0 robe (worn)
Magical Staves
 C - an uncursed staff of poison {unknown}
Wands
 o - a wand of random effects (46)
 p - a wand of flame (30)
 D - a wand of paralysis (9)
 F - a wand of scattershot (5)
 G - a wand of acid (6)
Scrolls
 e - a scroll of enchant weapon
 g - a scroll of silence {unknown}
 i - 2 scrolls of immolation
 k - 6 scrolls of remove curse {unknown}
 n - 2 scrolls of magic mapping
 q - a scroll of fog {unknown}
 r - 3 scrolls of amnesia {unknown}
 s - 2 scrolls of enchant armour {unknown}
 y - 2 scrolls of fear
 A - 3 scrolls of teleportation
 B - a scroll of identify
Potions
 c - 7 potions of curing
 f - a potion of lignification {unknown}
 h - 2 potions of resistance {unknown}
 j - 2 potions of brilliance {unknown}
 l - 2 potions of ambrosia {unknown}
 t - 3 potions of heal wounds {unknown}
 u - 2 potions of haste {unknown}
 v - a potion of berserk rage {unknown}
 w - a potion of agility {unknown}
 x - 2 potions of magic {unknown}
 z - 2 potions of might {unknown}
 H - a potion of flight {unknown}
Comestibles
 d - 13 rations


   Skills:
 + Level 5.5 Fighting
 + Level 4.8 Short Blades
 + Level 4.8 Long Blades
 + Level 4.8 Axes
 + Level 4.8 Maces & Flails
 + Level 4.8 Polearms
 + Level 4.8 Staves
 + Level 4.8 Slings
 + Level 4.8 Bows
 + Level 4.8 Crossbows
 + Level 4.8 Throwing
 + Level 4.8 Armour
 + Level 6.7 Dodging
 + Level 4.8 Stealth
 + Level 4.8 Shields
 + Level 8.2 Unarmed Combat
 + Level 7.0 Spellcasting
 + Level 4.0 Conjurations
 + Level 4.0 Hexes
 + Level 4.0 Charms
 + Level 4.0 Summonings
 + Level 4.0 Necromancy
 + Level 4.0 Translocations
 + Level 5.5 Transmutations
 + Level 4.0 Fire Magic
 + Level 4.0 Ice Magic
 + Level 4.0 Air Magic
 + Level 4.0 Earth Magic
 + Level 4.0 Poison Magic
 + Level 5.3 Invocations
 + Level 4.8 Evocations


You had 12 spell levels left.
You knew the following spells:

 Your Spells              Type           Power        Failure   Level  Hunger
a - Beastly Appendage     Tmut           ####..       1%          1    None
b - Sticks to Snakes      Tmut           ####....     1%          2    None
c - Spider Form           Tmut/Pois      ###.......   4%          3    ##.....
d - Slow                  Hex            ###.....     3%          2    None
e - Mephitic Cloud        Conj/Pois/Air  ###.....     6%          3    ##.....


Dungeon Overview and Level Annotations

Branches:
Dungeon (7/15)             Temple (1/1) D:6

Altars:
Dithmenos
Elyvilon
Fedhas
Gozag
Hepliaklqana
Kikubaaqudgha
Makhleb
Nemelex Xobeh
Okawaru
Qazlal
Ru
Sif Muna
Trog
Uskayaw
Vehumet
Wu Jian
Xom
Yredelemnul
The Shining One


Innate Abilities, Weirdness & Mutations

Your experience applies equally to all skills.
You have very sharp teeth.
Your uncanny sense of smell can sniff out nearby items.


Message History

As you read the scroll of teleportation, it crumbles to dust.
You feel strangely unstable.
You feel the power of the Abyss delaying your translocation!
The chaos spawn misses you.
You hit the chaos spawn but do no damage.
You hit the chaos spawn but do no damage.
You bite the chaos spawn, but do no damage.
The chaos spawn closely misses you.
You hit the chaos spawn but do no damage.
You bite the chaos spawn, but do no damage.
The chaos spawn misses you. The chaos spawn gores you!
The chaos spawn completely misses you. The chaos spawn gores you.
The chaos spawn freezes you! The chaos spawn hits you!
* * * LOW HITPOINT WARNING * * *
The chaos spawn shocks you!
* * * LOW HITPOINT WARNING * * *
The chaos spawn hits you!
You die...

. .##..##
...# #...
. .. #.# #
X####.#. .
####.###.#
## .. #. #
.## #. ##.
.X .#.
#....
#....#.
##.. # .#
####.#.# #
# x#
#@4.#.# #
..#
####.## #
#. # ##
.#. #.. .
.. # .. #
# ##


You could see a chaos spawn.

Vanquished Creatures
  Grinder (D:3)
  Prince Ribbit (D:6)
  Sigmund (D:2)
  Duvessa (D:4)
  A sky beast (D:6)
  An orc warrior (D:7)
  2 ice beasts (D:6)
  2 phantoms
  A necrophage (D:7)
  An ogre (D:6)
  2 centaurs
  4 bullfrogs
  Blork the orc (D:4)
  A gnoll sergeant (D:5)
  Dowan (D:4)
  3 killer bees (D:7)
  5 wights (D:6)
  5 crimson imps
  A centaur zombie (D:6)
  A bullfrog zombie (D:6)
  A jelly (D:6)
  A hound (D:6)
  An orc priest (D:5)
  5 orc wizards
  3 centaur skeletons
  An iguana (D:6)
  Natasha (thrice) (D:2 D:4)
  5 worker ants
  A hound zombie (D:6)
  3 hound skeletons
  10 adders
  4 gnolls (D:5)
  A howler monkey skeleton (D:5)
  11 river rats
  A shadow imp (D:5)
  An ooze (D:3)
  An adder zombie (D:6)
  An adder skeleton (D:4)
  5 worms
  4 dart slugs
  7 leopard geckos
  15 orcs
  8 giant cockroaches
  2 goblins
  10 hobgoblins
  9 jackals
  4 quokkas
  3 ball pythons (Sewer)
  8 bats
  6 frilled lizards
  8 kobolds
  26 rats
205 creatures vanquished.

Vanquished Creatures (others)
  An orc wizard (D:6)
  2 orc priests (D:6)
  5 orcs (D:6)
8 creatures vanquished.

Grand Total: 213 creatures vanquished

Notes
Turn   | Place    | Note
-------+----------+-------------------------------------------
     0 | D:1      | grindst0ne the Gnoll Transmuter began the quest for the Orb.
     0 | D:1      | Reached XP level 1. HP: 17/17 MP: 6/6
   185 | D:1      | Reached XP level 2. HP: 23/23 MP: 5/7
   343 | D:1      | Reached XP level 3. HP: 25/28 MP: 7/9
   365 | D:1      | Reached skill level 5 in Spellcasting
   869 | D:1      | Reached skill level 1 in Invocations
   990 | D:2      | Learned a level 2 spell: Sticks to Snakes
   994 | D:2      | Learned a level 3 spell: Spider Form
  1055 | D:2      | Reached skill level 1 in Short Blades
  1055 | D:2      | Reached skill level 1 in Long Blades
  1055 | D:2      | Reached skill level 1 in Axes
  1055 | D:2      | Reached skill level 1 in Maces & Flails
  1055 | D:2      | Reached skill level 1 in Polearms
  1055 | D:2      | Reached skill level 1 in Staves
  1055 | D:2      | Reached skill level 1 in Slings
  1055 | D:2      | Reached skill level 1 in Bows
  1055 | D:2      | Reached skill level 1 in Crossbows
  1055 | D:2      | Reached skill level 1 in Throwing
  1055 | D:2      | Reached skill level 1 in Armour
  1055 | D:2      | Reached skill level 1 in Stealth
  1055 | D:2      | Reached skill level 1 in Shields
  1055 | D:2      | Reached skill level 1 in Evocations
  1592 | D:2      | Noticed Natasha
  1601 | D:2      | Killed Natasha
  1601 | D:2      | Reached XP level 4. HP: 27/34 MP: 7/11
  1661 | D:2      | Noticed Sigmund
  1687 | D:2      | Killed Sigmund
  1687 | D:2      | Reached skill level 1 in Conjurations
  1687 | D:2      | Reached skill level 1 in Hexes
  1687 | D:2      | Reached skill level 1 in Charms
  1687 | D:2      | Reached skill level 1 in Summonings
  1687 | D:2      | Reached skill level 1 in Necromancy
  1687 | D:2      | Reached skill level 1 in Translocations
  1687 | D:2      | Reached skill level 1 in Fire Magic
  1687 | D:2      | Reached skill level 1 in Ice Magic
  1687 | D:2      | Reached skill level 1 in Air Magic
  1687 | D:2      | Reached skill level 1 in Earth Magic
  1687 | D:2      | Reached skill level 1 in Poison Magic
  1687 | D:2      | Reached XP level 5. HP: 15/41 MP: 3/12
  1687 | D:2      | Reached XP level 6. HP: 18/47 MP: 3/13
  2019 | D:2      | Noticed Natasha
  2027 | D:2      | Killed Natasha
  2053 | D:2      | Found a sacrificial altar of Ru.
  2504 | D:3      | Reached skill level 5 in Dodging
  2769 | D:3      | Noticed Grinder
  2793 | D:3      | Killed Grinder
  2793 | D:3      | Reached XP level 7. HP: 27/52 MP: 13/15
  2863 | D:4      | Reached skill level 7 in Unarmed Combat
  3361 | D:4      | Noticed Blork the orc
  3372 | D:4      | Killed Blork the orc
  3532 | D:4      | Noticed Dowan
  3534 | D:4      | Noticed Duvessa
  3539 | D:4      | Noticed Natasha
  3545 | D:4      | Killed Duvessa
  3545 | D:4      | Reached XP level 8. HP: 52/60 MP: 13/16
  3548 | D:4      | Killed Dowan
  3554 | D:4      | Killed Natasha
  3617 | D:5      | Entered Level 5 of the Dungeon
  3934 | D:5      | Found a glowing drain.
  3938 | Sewer    | Entered a sewer
  4694 | D:5      | Learned a level 2 spell: Slow
  4698 | D:5      | Learned a level 3 spell: Mephitic Cloud
  4956 | D:6      | Reached XP level 9. HP: 40/66 MP: 13/18
  4982 | D:6      | Reached skill level 5 in Transmutations
  5545 | D:6      | Noticed Prince Ribbit
  5553 | D:6      | Killed Prince Ribbit
  5595 | D:6      | Found a staircase to the Ecumenical Temple.
  5613 | Temple   | Entered the Ecumenical Temple
  5790 | Temple   | Became a worshipper of Qazlal Stormbringer
  5837 | D:6      | Reached skill level 5 in Fighting
  6195 | D:6      | Reached skill level 8 in Unarmed Combat
  6708 | D:6      | Reached skill level 5 in Invocations
  6952 | D:7      | Reached XP level 10. HP: 45/74 MP: 20/20
  7372 | D:7      | Reached * piety under Qazlal
  7421 | D:7      | Cast into level 1 of the Abyss (orc)
  7448 | Abyss:1  | Noticed a starcursed mass
  7462 | Abyss:1  | Noticed a starcursed mass
  7524 | Abyss:1  | Found a corrupted altar of Lugonu.
  7665 | Abyss:1  | Noticed a starcursed mass
  7680 | Abyss:1  | Slain by a chaos spawn

Vault maps used:
D:1:      ncdulo_wetmaze
D:2:      lemuel_crystal_altar, st_stairs_6, kennysheep_doodads, uniq_sigmund,
          uniq_natasha
D:3:      first_ration, kennysheep_generic_room_15, uniq_grinder
D:4:      uniq_blork_the_orc, uniq_duvessa
D:5:      gup_sewer_entry_bowl, hangedman_abyss_or_decor_passed,
          eino_tiny_chamber, dk_rats_in_the_wall
D:6:      minmay_temple_entry_statues_fountains, lemuel_flamethrower_2,
          uniq_prince_ribbit1
D:7:      grunt_livestock
Temple:   regret_index_temple_mists
Abyss:1:  hangedman_summoners_spam
Sewer:    sewer_co_cracked_pipes

Skill      XL: |  1  2  3  4  5  6  7  8  9 10 |
---------------+-------------------------------+-----
Spellcasting   | 5 6 7 |  7.0
Invocations    | 1 2 3 4 5 |  5.3
Short Blades   | 1 2 3 4 |  4.8
Long Blades    | 1 2 3 4 |  4.8
Axes           | 1 2 3 4 |  4.8
Maces & Flails | 1 2 3 4 |  4.8
Polearms       | 1 2 3 4 |  4.8
Staves         | 1 2 3 4 |  4.8
Slings         | 1 2 3 4 |  4.8
Bows           | 1 2 3 4 |  4.8
Crossbows      | 1 2 3 4 |  4.8
Throwing       | 1 2 3 4 |  4.8
Armour         | 1 2 3 4 |  4.8
Stealth        | 1 2 3 4 |  4.8
Shields        | 1 2 3 4 |  4.8
Evocations     | 1 2 3 4 |  4.8
Fighting       | 3 4 5 |  5.5
Conjurations   | 1 2 3 4 |  4.0
Hexes          | 1 2 3 4 |  4.0
Charms         | 1 2 3 4 |  4.0
Summonings     | 1 2 3 4 |  4.0
Necromancy     | 1 2 3 4 |  4.0
Translocations | 1 2 3 4 |  4.0
Transmutations | 4 5 |  5.5
Fire Magic     | 1 2 3 4 |  4.0
Ice Magic      | 1 2 3 4 |  4.0
Air Magic      | 1 2 3 4 |  4.0
Earth Magic    | 1 2 3 4 |  4.0
Poison Magic   | 1 2 3 4 |  4.0
Dodging        | 5 6 |  6.7
Unarmed Combat | 7 8 |  8.2

Action                   |  1- 3 |  4- 6 |  7- 9 | 10-12 || total
-------------------------+-------+-------+-------+-------++-------
Melee: Unarmed           |    84 |    83 |   421 |    34 ||   622
       Headbutt          |     4 |       |       |       ||     4
       Kick              |     5 |       |     1 |       ||     6
       Bite              |     3 |       |     1 |     2 ||     6
       Punch             |     4 |     1 |     1 |       ||     6
Throw: Javelin           |     2 |       |       |       ||     2
 Cast: Beastly Appendage |    11 |       |     2 |       ||    13
       Spider Form       |     2 |    14 |    54 |     4 ||    74
       Sticks to Snakes  |       |     3 |     6 |       ||     9
Evoke: Wand              |       |       |     1 |       ||     1
  Use: Scroll            |       |       |     9 |     2 ||    11
 Stab: Sleeping          |     3 |     3 |     4 |     1 ||    11
  Eat: Chunk             |     1 |     6 |    13 |     3 ||    23
       Ration            |       |       |     1 |       ||     1
Armor: Robe              |    10 |     2 |     7 |     1 ||    20
       Skin              |     2 |     6 |     7 |     4 ||    19
Dodge: Dodged            |    62 |    96 |   365 |    42 ||   565

Table legend:
 A = Spawn XP
 B = Non-spawn XP
 C = Spawn XP percentage of total XP
 D = Spawn monster count
 E = Non-spawn monster count
 F = Spawn count percentage of total count
 G = Total turns spent on level
                    A         B        C        D         E        F      G
               +---------+---------+-------+---------+---------+-------+---------
         Total |       0 |    4977 |   0.0 |       0 |     205 |   0.0 |  7680
               +---------+---------+-------+---------+---------+-------+---------
           D:1 |       0 |      59 |   0.0 |       0 |      32 |   0.0 |   986
           D:2 |       0 |     333 |   0.0 |       0 |      19 |   0.0 |  1215
           D:3 |       0 |     325 |   0.0 |       0 |      16 |   0.0 |   625
           D:4 |       0 |     667 |   0.0 |       0 |      22 |   0.0 |   791
           D:5 |       0 |     638 |   0.0 |       0 |      49 |   0.0 |   974
           D:6 |       0 |    2093 |   0.0 |       0 |      32 |   0.0 |  1718
           D:7 |       0 |     774 |   0.0 |       0 |      21 |   0.0 |   630
         Sewer |       0 |      88 |   0.0 |       0 |      14 |   0.0 |   288
               +---------+---------+-------+---------+---------+-------+---------
